 Dungeon Crawl Stone Soup version 0.30-a0-50-gb2d611f6b1 (webtiles) character file.

Game seed: 1375385680396628718

6311 lesbiats the Grappler (level 10, -12/102 HPs)
             Began as a Troll Fighter on Sept 4, 2022.
             Was a Believer of the Shining One.
             Killed from afar by an acid dragon (27 damage)
             ... with a splash of acid
             ... on level 8 of the Dungeon.
             The game lasted 00:28:46 (7601 turns).

lesbiats the Grappler (Troll Fighter)               Turns: 7601, Time: 00:28:47

Health: -12/102    AC:  4    Str: 30    XL:     10   Next: 64%
Magic:  9/9        EV:  9    Int:  4    God:    the Shining One [**....]
Gold:   355        SH:  9    Dex:  9    Spells: 9/9 levels left

rFire   . . .      SeeInvis .      - Unarmed
rCold   . . .      Faith    .    b - +0 kite shield
rNeg    + . .      Spirit   .    a - +0 robe
rPois   +          Reflect  .    (helmet restricted)
rElec   .          Harm     .    (no cloak)
rCorr   .          Rampage  .    (gloves unavailable)
Will    .....                    (boots unavailable)
Stlth   +.........               p - amulet of regeneration
HPRegen 1.87/turn                B - ring of poison resistance
MPRegen 0.11/turn                (no ring)

@: glowing
A: large, unfitting armour, claws 3, regeneration 1, shaggy fur 1, tough skin 1
a: Renounce Religion, Divine Shield


You were on level 8 of the Dungeon.
You worshipped the Shining One.
The Shining One was pleased with you.
You visited 2 branches of the dungeon, and saw 9 of its levels.

You collected 565 gold pieces.
You spent 210 gold pieces at shops.

Inventory:

Hand Weapons
 y - a +1 antimagic demon trident
 C - the +2 morningstar of Amorality {flame, rC+ Int+2 SInv}
   (You found it on level 5 of the Dungeon)

   It burns those it strikes, dealing additional fire damage.
   Int:       It affects your intelligence (+2).
   rC:        It protects you from cold.
   SInv:      It lets you see invisible.
Missiles
 d - 20 poisoned darts
 k - 64 stones (quivered)
Armour
 a - a +0 robe (worn)
 b - a +0 kite shield (worn)
Jewellery
 p - an amulet of regeneration (around neck)
 r - a ring of magical power
 B - a ring of poison resistance (left claw)
 I - an amulet of reflection
Wands
 q - a wand of light (5)
 t - a wand of digging (10)
 x - a wand of flame (9)
 D - a wand of mindburst (7)
 F - a wand of iceblast (6)
Scrolls
 e - a scroll of enchant armour {unknown}
 f - 2 scrolls of summoning {unknown}
 g - 3 scrolls of noise
 h - 4 scrolls of teleportation
 i - a scroll of immolation
 j - 3 scrolls of butterflies
 m - a scroll of torment {unknown}
 s - 3 scrolls of amnesia {unknown}
 w - a scroll of enchant weapon {unknown}
 G - a scroll of poison {unknown}
 K - 2 scrolls of blinking {unknown}
Potions
 c - a potion of might
 l - 3 potions of attraction
 u - 3 potions of degeneration
 v - 4 potions of brilliance
 z - a potion of lignification
 A - 2 potions of berserk rage
 E - a potion of magic
 H - 2 potions of heal wounds {unknown}
 J - a potion of flight {unknown}


   Skills:
 + Level 7.5 Fighting
 + Level 7.7 Throwing
 - Level 2.4 Dodging
 - Level 7.0 Shields
 + Level 8.7 Unarmed Combat


You had 9 spell levels left.
You didn't know any spells.
Your spell library contained the following spells:

 Spells                   Type           Power      Damage    Failure   Level
 Tukima's Dance           Hex            0%         N/A       98%         3
 Passage of Golubria      Tloc           0%         N/A       100%        4
 Yara's Violent Unravell  Hex/Tmut       0%         3d3       100%        5


Dungeon Overview and Level Annotations

Branches:
Dungeon (8/15)             Temple (1/1) D:6
   Lair: D:8-11

Altars:
Cheibriados
Dithmenos
Elyvilon
Fedhas
Gozag
Hepliaklqana
Kikubaaqudgha
Makhleb
Nemelex Xobeh
Okawaru
Ru
Sif Muna
Trog
Uskayaw
Vehumet
Wu Jian
Xom
Yredelemnul
Zin
The Shining One

Shops:
D:5 *[!:=


Innate Abilities, Weirdness & Mutations

You are too large for most types of armour.
You have claws for hands.
Your natural rate of healing is unusually fast.
You are covered in fur. (AC +1)
You have tough skin. (AC +1)


Message History

Your butterfly dies!
Your butterfly disappears in a burst of colours!
The tengu warrior seems to regain its courage.
You swap places.
The vampire gestures at you while chanting.
Your butterfly struggles to resist.
The centaur warrior hits your butterfly.
Your butterfly dies!
Your butterfly disappears in a burst of colours!
The vampire hits your butterfly with a staff of fire!
The vampire burns your butterfly!
Your butterfly dies!
Your butterfly disappears in a burst of colours!
The centaur warrior wields a +0 shortbow.
The centaur warrior shoots an arrow.
The arrow barely misses you.
There is an open door here.
You see here a +0 ring mail.
The centaur warrior shoots an arrow.
You block the arrow.
The centaur warrior shoots an arrow.
The arrow hits you!
* * * LOW HITPOINT WARNING * * *
The centaur warrior shoots an arrow.
The arrow hits you!!
* * * LOW HITPOINT WARNING * * *
The centaur warrior shoots an arrow.
The arrow hits you!
* * * LOW HITPOINT WARNING * * *
Unknown command.
You feel better.
The centaur warrior shoots an arrow.
You block the arrow.
The vampire casts a spell.
The vampire flickers and vanishes!
Deactivating autopickup; reactivate with Ctrl-A.
The centaur warrior shoots an arrow.
The arrow hits you!
* * * LOW HITPOINT WARNING * * *
As you read the scroll of teleportation, it crumbles to dust.
You feel strangely unstable.
The centaur warrior shoots an arrow.
You block the arrow.
The centaur warrior shoots an arrow. x2
Your surroundings suddenly seem different.
Okay, then.
The acid dragon spits acid at you. The splash of acid hits you!!
You die...

#.......# #.......#
#.......# ###
#####...[.÷.## ..
..........÷.c###.#
########'#'#...#.#
.......)##.#.DQ..#
###.###.##.##...##
.#...#.##...#...@# .
.##.##.##.c.##.#.#### ..
#.#.#.##...Q.#......#.#
#.###.##.....##.###...#
##.#.##.##.##.#......##
.#.#.###.#.#.###..##...#
#.....#
.##.##.###.###.#..#
.###.__..##
..#.##......)D(##.#
..#>._..#.
#.#+#+#######'#(#.##
#.....##


You could see a tengu warrior, a centaur warrior and an acid dragon (catching
breath).

Vanquished Creatures
  A centaur warrior (D:8)
  A kobold demonologist (D:8)
  A troll (D:8)
  A slime creature (D:8)
  9 yaks
  A shadow (D:8)
  A wyvern (D:8)
  Menkaure (D:4)
  Edmund (D:5)
  An acid dragon (D:8)
  2 water moccasins
  An ice beast (D:7)
  A sky beast (D:8)
  An orc warrior (D:8)
  A black bear (D:6)
  2 ogres
  2 centaurs
  3 phantoms
  2 kobold brigands
  A gnoll sergeant (D:8)
  5 bullfrogs
  3 scorpions
  3 necrophages
  7 wights
  5 howler monkeys
  A crimson imp (D:8)
  2 hounds
  A jelly (D:8)
  2 orc priests
  2 gnoll boudas
  An iguana (D:5)
  3 orc wizards (D:8)
  8 adders
  9 gnolls
  A shadow imp (D:7)
  2 white imps
  A worm (D:2)
  A dart slug (D:3)
  14 orcs
  6 endoplasms
  2 giant cockroaches
  A goblin (D:3)
  9 hobgoblins
  4 jackals (D:3)
  7 kobolds
  A quokka (D:1)
  5 ball pythons
  8 bats
  3 frilled lizards
  4 rats
  A spectral orc (D:6)
156 creatures vanquished.

Notes
Turn   | Place    | Note
-------+----------+-------------------------------------------
     0 | D:1      | lesbiats the Troll Fighter began the quest for the Orb.
     0 | D:1      | Reached XP level 1. HP: 22/22 MP: 0/0
   242 | D:1      | Reached XP level 2. HP: 28/29 MP: 1/1
  1044 | D:2      | Reached skill level 1 in Throwing
  1044 | D:2      | Reached XP level 3. HP: 31/36 MP: 2/2
  1784 | D:3      | Found a faded altar of an unknown god.
  1856 | D:3      | Reached XP level 4. HP: 44/44 MP: 3/3
  2436 | D:4      | Noticed a scorpion
  2447 | D:4      | Killed a scorpion
  2448 | D:4      | Reached skill level 3 in Unarmed Combat
  2448 | D:4      | Reached XP level 5. HP: 48/53 MP: 4/4
  2638 | D:4      | Found a radiant altar of Vehumet.
  2648 | D:4      | Identified the +3 leather armour "Hepoikuf" {Rampage}
  2806 | D:4      | Noticed Menkaure
  2999 | D:4      | Killed Menkaure
  3000 | D:4      | Reached XP level 6. HP: 38/61 MP: 5/5
  3122 | D:5      | Entered Level 5 of the Dungeon
  3351 | D:5      | Reached skill level 4 in Unarmed Combat
  3351 | D:5      | Reached XP level 7. HP: 68/68 MP: 6/6
  3459 | D:5      | Found Ducenin's Armour Emporium.
  3498 | D:5      | Found Kadafed's Distillery.
  3509 | D:5      | Bought a potion of curing for 45 gold pieces
  3509 | D:5      | Bought 2 potions of curing for 90 gold pieces
  3509 | D:5      | Bought a potion of berserk rage for 75 gold pieces
  3514 | D:5      | Found Arelil's Book Shoppe.
  3540 | D:5      | Found Nieca's Jewellery Shoppe.
  3633 | D:5      | Noticed Edmund
  3648 | D:5      | Killed Edmund
  3763 | D:5      | Found an ornate altar of the Wu Jian Council.
  3814 | D:5      | Identified the +2 morningstar of Amorality {flame, rC+
                  | Int+2 SInv}
  3937 | D:5      | Found Rerothet's Assorted Antiques.
  4561 | D:6      | Found an iron altar of Okawaru.
  4579 | D:6      | You fall into a shaft and drop 2 floors!
  4715 | D:6      | Reached skill level 5 in Shields
  4715 | D:6      | Reached skill level 5 in Unarmed Combat
  4715 | D:6      | Reached XP level 8. HP: 76/79 MP: 7/7
  4892 | D:6      | Reached skill level 5 in Fighting
  4974 | D:6      | Found a basalt altar of Yredelemnul.
  5284 | D:6      | Found a staircase to the Ecumenical Temple.
  5478 | Temple   | Entered the Ecumenical Temple
  5622 | Temple   | Became a worshipper of the Shining One
  5728 | D:6      | Reached skill level 5 in Throwing
  5758 | D:6      | Reached skill level 6 in Unarmed Combat
  5865 | D:7      | Reached XP level 9. HP: 78/84 MP: 8/8
  6229 | D:7      | The Shining One protects you from harm!
  6323 | D:7      | Reached skill level 7 in Unarmed Combat
  6777 | D:7      | Found an opulent altar of Gozag.
  6789 | D:7      | Reached * piety under the Shining One
  7085 | D:8      | Found a bloodstained altar of Trog.
  7117 | D:8      | Found a burning altar of Makhleb.
  7177 | D:8      | Reached XP level 10. HP: 100/100 MP: 9/9
  7185 | D:8      | Found a shimmering altar of Xom.
  7185 | D:8      | Found a shimmering altar of Xom.
  7187 | D:8      | Found a shimmering altar of Xom.
  7189 | D:8      | Found a shimmering altar of Xom.
  7269 | D:8      | HP: 5/100 [wyvern (8)]
  7283 | D:8      | Reached skill level 8 in Unarmed Combat
  7549 | D:8      | Noticed a centaur warrior
  7549 | D:8      | Reached ** piety under the Shining One
  7561 | D:8      | Noticed a centaur warrior
  7565 | D:8      | Identified the +6 swamp dragon scales "Tuaw" {rPois Will+}
  7565 | D:8      | Noticed a tengu warrior
  7572 | D:8      | Killed a centaur warrior
  7573 | D:8      | HP: 5/102 [tengu warrior/+0 great sword (5)]
  7594 | D:8      | HP: 2/102 [centaur warrior/arrow (7)]
  7601 | D:8      | Killed from afar by an acid dragon

Illustrated notes

Levels and vault maps discovered:
D:1:      lemuel_arrival_river_bridge, layout_loops_ring
D:2:      layout_loops_cross, hangedman_abyss_or_decor_stabs
D:3:      layout_basic, nicolae_ecumenical_lake_church
D:4:      layout_gridville, vehumet_crystals, uniq_menkaure
D:5:      minmay_general_purpose_star, layout_layer_cave,
          pdpol_wu_jian_five_deadly_venoms, serial_shops, shop_statue,
          shop_fountains, nicolae_stop_n_shop_2, shop, nicolae_shop_waterfront,
          uniq_edmund
D:6:      layout_cave_pods, yredelemnul_forgotten_temple_becter,
          okawaru_ov_weapons_minmay, minmay_temple_entry_proselytizer
D:7:      layout_gridville, mainiacjoe_overflow_brackets, minivault_11
D:8:      minmay_the_grid_triangle_9x9_rhombus_thin
          [minmay_the_grid_triangle_9x9_sprig,
          minmay_the_grid_triangle_9x9_prize_schism,
          minmay_the_grid_triangle_9x9_windchime,
          minmay_the_grid_triangle_9x9_warning], layout_rooms,
          ashenzari_altar_1, bloody_trog, xom_shifter_show,
          makhleb_grotto_becter, kennysheep_generic_room_5
Temple:   hellmonk_temple_flake

Skill      XL: |  1  2  3  4  5  6  7  8  9 10 |
---------------+-------------------------------+-----
Shields        | 3 4 5 6 7 |  7.0
Throwing       | 1 2 3 4 5 6 7 |  7.7
Fighting       | 3 4 5 6 7 |  7.5
Unarmed Combat | 3 4 5 6 7 8 |  8.7
Dodging        | |  2.4

Action                   |  1- 3 |  4- 6 |  7- 9 | 10-12 || total
-------------------------+-------+-------+-------+-------++-------
Melee: Unarmed           |    83 |    85 |   228 |    95 ||   491
Throw: Dart              |     3 |     1 |     7 |     3 ||    14
       Stone             |     1 |       |    29 |       ||    30
Evoke: Wand              |       |     2 |     1 |       ||     3
  Use: Scroll            |       |     8 |     8 |     3 ||    19
       Potion            |       |     1 |     3 |     6 ||    10
Armor: Robe              |    35 |    24 |    46 |    23 ||   128
Dodge: Dodged            |    37 |    25 |    89 |    43 ||   194
Block: Kite shield       |    23 |    37 |   101 |    57 ||   218

Table legend: (Time is in decaauts)
 A = Elapsed time spent in this place.
 B = Non-inter-level travel time spent in this place.
 C = Inter-level travel time spent in this place.
 D = Time resting spent in this place.
 E = Time spent auto-exploring this place.
 F = Levels seen in this place.
 G = Mean time per level.
                   A        B        C        D        E       F      G
               +--------+--------+--------+--------+--------+-----+--------+
         Total |   7632 |   6963 |    669 |    738 |   4510 |   9 |  848.0 |
       Dungeon |   7476 |   6817 |    659 |    738 |   4380 |   8 |  934.5 |
        Temple |    155 |    145 |     10 |      0 |    130 |   1 |  155.0 |
               +--------+--------+--------+--------+--------+-----+--------+

Top non-repeatable levels by time:
     D:5: 1360 daAuts
     D:6: 1334 daAuts
     D:7: 887 daAuts
     D:3: 853 daAuts
     D:1: 777 daAuts
     D:4: 772 daAuts
     D:8: 752 daAuts
     D:2: 738 daAuts
  Temple: 155 daAuts
